 Dungeon Crawl Stone Soup version 0.30-a0-639-g3916f1956a (webtiles) character file.

Game seed: 14953490627501357858

196 pokeman the Magician (level 5, -2/29 HPs)
             Began as a Deep Elf Hedge Wizard on Jan 15, 2023.
             Slain by an iguana (11 damage)
             ... on level 4 of the Dungeon.
             The game lasted 00:05:25 (3640 turns).

pokeman the Magician (Deep Elf Hedge Wizard)        Turns: 3640, Time: 00:05:26

Health: -2/29      AC:  4    Str:  7    XL:     5   Next: 46%
Magic:  6/15       EV: 13    Int: 21    God:
Gold:   104        SH:  0    Dex: 14    Spells: 8/16 levels left

rFire   . . .      SeeInvis .    e - +2 spear (venom)
rCold   . . .      Faith    .    (no shield)
rNeg    . . .      Spirit   .    b - +0 robe
rPois   .          Reflect  .    c - +0 hat
rElec   .          Harm     .    p - +0 cloak {Will+}
rCorr   .          Rampage  .    (no gloves)
Will    +....                    r - +0 pair of boots
Stlth   +                        (no amulet)
HPRegen 0.24/turn                (no ring)
MPRegen 0.14/turn                (no ring)

@: confused
A: no striking features
a: no special abilities


You were on level 4 of the Dungeon.
You visited 1 branch of the dungeon, and saw 4 of its levels.

You collected 104 gold pieces.

Inventory:

Hand Weapons
 e - a +2 spear of venom (weapon)
Missiles
 s - a throwing net
Armour
 b - a +0 robe (worn)
 c - a +0 hat (worn)
 p - a +0 cloak of willpower (worn)
 r - a +0 pair of boots (worn)
Scrolls
 f - a scroll of teleportation {unknown}
 g - a scroll of vulnerability {unknown}
 h - a scroll of blinking {unknown}
 l - a scroll of fog {unknown}
 n - a scroll of enchant weapon {unknown}
 o - a scroll of magic mapping {unknown}
 q - 4 scrolls of identify {unknown}
Potions
 a - 2 potions of invisibility {unknown}
 d - a potion of magic
 i - 2 potions of brilliance {unknown}
 j - a potion of resistance {unknown}
 k - a potion of mutation {unknown}
 m - 2 potions of heal wounds {unknown}
 t - a potion of cancellation {unknown}
 u - a potion of berserk rage {unknown}


   Skills:
 - Level 1.0 Fighting
 - Level 1.0 Armour
 - Level 3.0 Dodging
 - Level 3.0 Stealth
 * Level 6.3 Spellcasting
 + Level 2.7 Conjurations
 - Level 1.1 Summonings
 - Level 1.1 Translocations
 + Level 0.6 Air Magic
 + Level 0.7 Poison Magic


You had 8 spell levels left.
You knew the following spells:

 Your Spells              Type           Power      Damage    Failure   Level
a - Magic Dart            Conj           72%        1d6       3%          1
b - Mephitic Cloud        Conj/Pois/Air  12%        N/A       16%         3
c - Call Imp              Summ           11%        N/A       9%          2
d - Blink                 Tloc           22%        N/A       9%          2

Your spell library contained the following spells:

 Spells                   Type           Power      Damage    Failure   Level
 Apportation              Tloc           22%        N/A       6%          1
 Summon Small Mammal      Summ           44%        N/A       6%          1
 Necrotise                Necr           24%        1d5       10%         1
 Slow                     Hex            24%        N/A       10%         1
 Poisonous Vapours        Pois/Air       18%        N/A       11%         2
 Cigotuvi's Dreadful Rot  Necr/Pois/Air  16%        N/A       12%         2


Dungeon Overview and Level Annotations

Branches:
Dungeon (4/15)
 Temple: D:4-7

Altars:
Kikubaaqudgha
Zin


Message History

Aiming: Mephitic Cloud (quite dangerous; 16% risk of failure)
Press: ? - help, Shift-Dir - straight line, f - iguana
Aim: an iguana (chance to affect: 86%) That beam is likely to hit you.
Continue anyway?
The ball explodes into a vile cloud!
The stinking cloud engulfs you but does no damage.
You are engulfed in noxious fumes.
You choke on the stench!
You are confused.
The iguana bites you!
You're too confused to cast spells.
The iguana attacks as you move away! The iguana barely misses you.
You feel less confused.
An iguana is nearby!
Casting: Mephitic Cloud (quite dangerous; 16% risk of failure)
Confirm with . or Enter, or press ? or * to list all spells.
The spell is quite dangerous to miscast (16% risk of failure)!
Continue anyway?
Aiming: Mephitic Cloud (quite dangerous; 16% risk of failure)
Press: ? - help, Shift-Dir - straight line, f - iguana
Aim: an iguana (chance to affect: 86%)
The ball explodes into a vile cloud!
The iguana bites you!
* * * LOW HITPOINT WARNING * * *
Unknown command.
Casting: Mephitic Cloud (quite dangerous; 16% risk of failure)
Confirm with . or Enter, or press ? or * to list all spells.
The spell is quite dangerous to miscast (16% risk of failure)!
Continue anyway? [Y]es or [N]o only, please.
The spell is quite dangerous to miscast (16% risk of failure)!
Continue anyway?
Aiming: Mephitic Cloud (quite dangerous; 16% risk of failure)
Press: ? - help, Shift-Dir - straight line, f - iguana
Aim: an iguana (chance to affect: 86%) That beam is likely to hit you.
Continue anyway?
The ball explodes into a vile cloud!
The stinking cloud engulfs the iguana but does no damage.
The stinking cloud engulfs you but does no damage.
You are engulfed in noxious fumes.
You choke on the stench!
You are confused.
You hear a shout!
The iguana is engulfed in noxious fumes.
The iguana bites you!
You die...

#########
#....○!.#...
#...○○°.....
#..@l☼......
#..☼○○..##[.
#.......#
####+####


You could see an iguana.

Vanquished Creatures
  Jessica (D:2)
  Terence (D:2)
  An orc wizard (D:3)
  3 gnolls (D:3)
  3 adders (D:3)
  A worm (D:2)
  A dart slug (D:1)
  2 orcs (D:3)
  4 ball pythons
  6 bats
  A bat zombie (D:3)
  2 endoplasms (D:1)
  4 giant cockroaches
  3 goblins
  2 hobgoblins
  9 jackals
  4 kobolds
  A quokka (D:3)
  2 frilled lizards (D:2)
  7 rats
  A rat zombie (D:3)
59 creatures vanquished.

Notes
Turn   | Place    | Note
-------+----------+-------------------------------------------
     0 | D:1      | pokeman the Deep Elf Hedge Wizard began the quest for the
                  | Orb.
     0 | D:1      | Reached XP level 1. HP: 10/10 MP: 7/7
   400 | D:1      | Reached XP level 2. HP: 4/16 MP: 3/9
  1335 | D:1      | Reached skill level 5 in Spellcasting
  1539 | D:2      | Noticed Terence
  1581 | D:2      | Reached XP level 3. HP: 20/20 MP: 9/11
  1585 | D:2      | Learned a level 3 spell: Mephitic Cloud
  1588 | D:2      | Learned a level 2 spell: Call Imp
  1591 | D:2      | Learned a level 2 spell: Blink
  1686 | D:2      | Killed Terence
  1687 | D:2      | Reached skill level 1 in Fighting
  1687 | D:2      | Reached skill level 1 in Armour
  1845 | D:2      | Noticed Jessica
  1851 | D:2      | Killed Jessica
  1852 | D:2      | Reached XP level 4. HP: 25/25 MP: 8/13
  1910 | D:2      | Found a faded altar of an unknown god.
  2583 | D:3      | Found a glowing silver altar of Zin.
  2699 | D:3      | Reached skill level 6 in Spellcasting
  2699 | D:3      | Reached XP level 5. HP: 29/29 MP: 10/15
  3281 | D:3      | Found an ancient bone altar of Kikubaaqudgha.
  3640 | D:4      | Slain by an iguana

Illustrated notes

Levels and vault maps discovered:
D:1:      lightli_iron_boxes, layout_basic
D:2:      layout_basic, nicolae_ecumenical_oubliette, uniq_jessica, uniq_terence
D:3:      layout_loops_ring, mainiacjoe_overflow_cross_hatched,
          lemuel_zombie_altar_kikubaaqudgha
D:4:      layout_gridville, makhleb_altar_promises_db, grunt_gozag_statues

Skill      XL: |  1  2  3  4 |
---------------+-------------+-----
Spellcasting   | 5 6 |  6.3
Fighting       | 1 |  1.0
Armour         | 1 |  1.0
Conjurations   | 2 |  2.7
Stealth        | 3 |  3.0
Dodging        | 3 |  3.0
Summonings     | |  1.1
Translocations | |  1.1
Air Magic      | |  0.6
Poison Magic   | |  0.7

Action                   |  1- 3 |  4- 6 || total
-------------------------+-------+-------++-------
Melee: Spear             |    10 |    23 ||    33
 Cast: Magic Dart        |    69 |    64 ||   133
       Mephitic Cloud    |     2 |     7 ||     9
       Blink             |       |     3 ||     3
       Call Imp          |       |     1 ||     1
 Stab: Sleeping          |     1 |       ||     1
       Confused          |     1 |     1 ||     2
Armor: Robe              |     2 |    13 ||    15
Dodge: Dodged            |     9 |    23 ||    32

Table legend: (Time is in decaauts)
 A = Elapsed time spent in this place.
 B = Non-inter-level travel time spent in this place.
 C = Inter-level travel time spent in this place.
 D = Time resting spent in this place.
 E = Time spent auto-exploring this place.
 F = Levels seen in this place.
 G = Mean time per level.
                   A        B        C        D        E       F      G
               +--------+--------+--------+--------+--------+-----+--------+
         Total |   3642 |   3487 |    155 |    169 |   2908 |   4 |  910.5 |
       Dungeon |   3642 |   3487 |    155 |    169 |   2908 |   4 |  910.5 |
               +--------+--------+--------+--------+--------+-----+--------+

Top non-repeatable levels by time:
     D:1: 1503 daAuts
     D:3: 1205 daAuts
     D:2: 929 daAuts
     D:4: 3 daAuts
